 Dungeon Crawl Stone Soup version 0.29-a0-620-g13ace881f2 (webtiles) character file.

Game seed: 2717499249774574915

116 lesaewzxc the Skirmisher (level 5, -4/46 HPs)
             Began as a Ghoul Monk on June 18, 2022.
             Was an Initiate of Ashenzari.
             Slain by a river rat (8 damage)
             ... in a sewer.
             The game lasted 00:09:21 (2365 turns).

lesaewzxc the Skirmisher (Ghoul Monk)               Turns: 2365, Time: 00:09:22

Health: -4/46      AC:  2    Str: 17    XL:     5   Next: 1%
Magic:  4/4        EV: 12    Int:  5    God:    Ashenzari [......]
Gold:   152        SH:  0    Dex: 11    Spells: 4/4 levels left

rFire   . . .      SeeInvis .   a - +0 short sword
rCold   + . .      Faith    .   (no shield)
rNeg    + + +      Spirit   .   b - +0 robe
rPois   ∞          Reflect  .   (no helmet)
rElec   .          Harm     .   (no cloak)
rCorr   .          Rampage  .   (no gloves)
Will    .....                   (no boots)
Stlth   +.........              (no amulet)
HPRegen 0.00/turn               (no ring)
MPRegen 0.09/turn               (no ring)

@: inhibited regen, very slow
A: claws 1, cold resistance 1, negative energy resistance 3, inhibited
regeneration, torment resistance 2, devour on kill
a: Renounce Religion, Curse Item


You were in a sewer.
You worshipped Ashenzari.
Ashenzari was noncommittal.
You visited 1 branch of the dungeon, and saw 3 of its levels.
You also visited: Sewer.

You collected 152 gold pieces.

Inventory:

Hand Weapons
 a - a +0 short sword (weapon)
Armour
 b - a +0 robe (worn)
Jewellery
 f - an amulet of regeneration
 g - a ring of magical power
Scrolls
 d - a scroll of enchant weapon
 j - a scroll of acquirement {unknown}
Potions
 h - a potion of flight {unknown}
 k - a potion of cancellation


   Skills:
 + Level 4.1 Fighting
 + Level 3.4 Short Blades
 + Level 1.7 Armour
 + Level 3.3 Dodging
 - Level 2.1 Stealth


You had 4 spell levels left.
You didn't know any spells.
Your spell library was empty.

Dungeon Overview and Level Annotations

Branches:
Dungeon (3/15)              Sewer (1/1)

Altars:
Ashenzari


Innate Abilities, Weirdness & Mutations

You are immune to poison.
You have sharp fingernails.
Your flesh is cold resistant. (rC+)
You are immune to negative energy. (rN+++)
You do not regenerate when monsters are visible.
You are immune to unholy pain and torment.
You thrive by killing the living.


Message History

You hit the river rat but do no damage.
The river rat is lightly wounded.
The river rat bites you.
Your unstable footing causes you to fumble your attack.
The river rat closely misses you.
Your unstable footing causes you to fumble your attack.
The river rat bites you.
Your unstable footing causes you to fumble your attack.
The river rat misses you.
Your unstable footing causes you to fumble your attack.
The river rat bites you.
You completely miss the river rat.
The river rat is lightly wounded.
You hit the river rat but do no damage.
The river rat is lightly wounded.
The river rat bites you.
* * * LOW HITPOINT WARNING * * *
Okay, then.
Okay, then.
You hit the river rat.
The river rat is moderately wounded.
The river rat barely misses you.
Your unstable footing causes you to fumble your attack.
The river rat closely misses you.
Your unstable footing causes you to fumble your attack.
The river rat twitches its whiskers.
The river rat bites you.
* * * LOW HITPOINT WARNING * * *
You hit the river rat but do no damage.
The river rat is lightly wounded.
The river rat barely misses you.
Your unstable footing causes you to fumble your attack.
The river rat barely misses you.
You hit the river rat.
The river rat is heavily wounded.
The river rat bites you but does no damage.
You hit the river rat but do no damage.
The river rat is heavily wounded.
The river rat bites you!
You die...

#≈ ##≈ ≈≈# #≈#
##≈## # ##≈≈.##
.○#
####°.≈○≈####..≈°.
≈≈≈°≈.∩..≈@r†≈○...
####.○.∩.####.)≈.○
##○.°## ≈○# ##○##
# #≈# #†# ##≈##
##.≈≈## #..≈..#


You could see a river rat.

Vanquished Creatures
  An orc wizard (D:3)
  3 adders
  A river rat (Sewer)
  A worm (D:2)
  2 dart slugs (D:1)
  2 orcs (D:3)
  3 ball pythons
  3 bats
  3 endoplasms
  5 giant cockroaches
  3 goblins
  5 hobgoblins
  2 kobolds
  3 quokkas
  A frilled lizard (D:2)
  6 rats
44 creatures vanquished.

Notes
Turn   | Place    | Note
-------+----------+-------------------------------------------
     0 | D:1      | lesaewzxc the Ghoul Monk began the quest for the Orb.
     0 | D:1      | Reached XP level 1. HP: 19/19 MP: 0/0
   175 | D:1      | Reached XP level 2. HP: 16/26 MP: 1/1
   569 | D:2      | Reached XP level 3. HP: 15/31 MP: 2/2
   585 | D:2      | Reached skill level 1 in Armour
   984 | D:2      | Found a faded altar of an unknown god.
   994 | D:2      | Prayed at the altar of an unknown god.
   994 | D:2      | Became a worshipper of Ashenzari the Shackled
  1196 | D:2      | Reached XP level 4. HP: 16/40 MP: 3/3
  2115 | D:3      | Found a glowing drain.
  2154 | D:3      | Reached skill level 4 in Fighting
  2320 | Sewer    | Entered a sewer
  2352 | Sewer    | Reached XP level 5. HP: 29/46 MP: 4/4
  2365 | Sewer    | Slain by a river rat

Illustrated notes

Levels and vault maps discovered:
D:1:      dpeg_arrival_houses_and_road, layout_loops_ring,
          minmay_indecisive_spiral
D:2:      layout_basic, hellmonk_ecumenical_altar_crossroads
D:3:      layout_loops_ring, gup_sewer_entry_glass
Sewer:    sewer_co_15_rooms

Skill      XL: |  1  2  3  4 |
---------------+-------------+-----
Short Blades   | 3 |  3.4
Dodging        | 3 |  3.3
Armour         | 1 |  1.7
Fighting       | 4 |  4.1
Stealth        | |  2.1

Action                   |  1- 3 |  4- 6 || total
-------------------------+-------+-------++-------
Melee: Short sword       |   128 |    69 ||   197
       Punch             |     3 |       ||     3
  Use: Scroll            |     1 |     4 ||     5
       Potion            |     1 |     1 ||     2
 Stab: Sleeping          |     7 |     1 ||     8
Armor: Robe              |    24 |    14 ||    38
Dodge: Dodged            |    72 |    41 ||   113

Table legend: (Time is in decaauts)
 A = Elapsed time spent in this place.
 B = Non-inter-level travel time spent in this place.
 C = Inter-level travel time spent in this place.
 D = Time resting spent in this place.
 E = Time spent auto-exploring this place.
 F = Levels seen in this place.
 G = Mean time per level.
                   A        B        C        D        E       F      G
               +--------+--------+--------+--------+--------+-----+--------+
         Total |   2362 |   2345 |     17 |      0 |    850 |   4 |  590.5 |
       Dungeon |   2311 |   2294 |     17 |      0 |    850 |   3 |  770.3 |
         Sewer |     51 |     51 |      0 |      0 |      0 |   1 |   51.0 |
               +--------+--------+--------+--------+--------+-----+--------+

Top non-repeatable levels by time:
     D:2: 1575 daAuts
     D:1: 526 daAuts
     D:3: 209 daAuts
   Sewer: 51 daAuts
